 Dungeon Crawl Stone Soup version 0.17.1-2-g5865329 (webtiles) character file.

40 mrath the Digger (level 3, 0/19 HPs)
             Began as a Gargoyle Earth Elementalist on Jan 31, 2016.
             Killed from afar by Sigmund (8 damage)
             ... with a wand of frost
             ... on level 2 of the Dungeon.
             The game lasted 00:10:48 (1658 turns).

mrath the Digger (Gargoyle Earth Elementalist)      Turns: 1658, Time: 00:10:48

Health: 0/19       AC:  6    Str: 11    XL:     3   Next: 50%
Magic:  5/7        EV: 12    Int: 16    God:
Gold:   84         SH:  0    Dex: 10    Spells: 3 memorised, 2 levels left

rFire  . . .     SeeInvis .     f - +0 short sword
rCold  . . .     Clarity  .     a - +0 robe
rNeg   + . .     SustAt   .     (no shield)
rPois  ∞         Gourm    .     (no helmet)
rElec  +         Spirit   .     m - +0 cloak
rCorr  .         Warding  .     (no gloves)
rMut   .         Stasis   .     (no boots)
MR     .....                    (no amulet)
Stlth  ++........               (no ring)
                                (no ring)

@: not resistant to hostile enchantments, unstealthy
A: negative energy resistance 1, electricity resistance, unbreathing,
petrification resistance, rot immunity, AC +3
a: no special abilities


You were on level 2 of the Dungeon.
You were hungry.

You visited 1 branch of the dungeon, and saw 2 of its levels.

You collected 84 gold pieces.

Inventory:

Hand Weapons
 f - a +0 short sword (weapon)
 g - a +0 hand axe
 h - a +0 dagger of electrocution
Missiles
 b - 74 stones (quivered)
 l - 13 poisoned needles
Armour
 a - a +0 robe (worn)
 m - a +0 cloak (worn)
Scrolls
 i - a scroll of noise {unknown}
 j - 2 scrolls of identify {unknown}
Potions
 k - a potion of curing {unknown}
Books
 c - a book of Geomancy

   Spells                             Type                      Level
   a - Sandblast                      Earth                        1
   b - Stoneskin                      Transmutation/Earth          2
   c - Passwall                       Transmutation/Earth          3
   d - Stone Arrow                    Conjuration/Earth            3
   e - Petrify                        Transmutation/Earth          4
   f - Lee's Rapid Deconstruction     Earth                        5
Comestibles
 d - 2 bread rations
 n - 4 chunks of flesh


   Skills:
 - Level 1.5 Dodging
 - Level 2.1 Stealth
 * Level 3.1 Spellcasting
 + Level 0.0 Conjurations
 - Level 0.7 Transmutations
 + Level 4.2 Earth Magic


You had 2 spell levels left.
You knew the following spells:

 Your Spells              Type           Power        Failure   Level  Hunger
a - Sandblast             Erth           ###...       3%          1    None
b - Stoneskin             Trmt/Erth      ##......     12%         2    ##.....
c - Stone Arrow           Conj/Erth      #.....       28%         3    ###....


Dungeon Overview and Level Annotations

Branches:
Dungeon (2/15)

Altars:

Annotations:
D:2 Sigmund


Innate Abilities, Weirdness & Mutations

You are resistant to torment.
Your stone body is resilient (AC +3).
You are immune to poison.
You resist negative energy.
You are resistant to electric shocks.
You can survive without breathing.
You are immune to petrification.
You are immune to rotting.


Message History

Confirm with . or Enter, or press ? or * to list all spells.
Aiming: Sandblast
Press: ? - help, Shift-Dir - straight line, f/p - goblin
Aim: a goblin, wielding a club (heavily wounded)
The blast of sand hits the goblin.
You kill the goblin!
Sigmund the Dreaded comes into view.
He is wielding a scythe of freezing.
Things that are here:
a club; a goblin corpse Sigmund casts a spell.
Sigmund flickers and vanishes!
Deactivating autopickup; reactivate with Ctrl-A.
You hear a zap.
A puff of frost appears from out of thin air!
The puff of frost hits you!
Ouch! That really hurt!
You hear a zap.
A puff of frost appears from out of thin air!
The puff of frost hits you!
You die...

#...^.# .
#<....####. .#
#.....#.... ..
#.......#[. #.
###.......# #.
#.....#.### #.
##.#.....#
#.###....#...#
#.@........#...#
##.#......#######.#
..........## .#
....#####.### #.##
##).# .. ##.# # {#
.. .##


There were no monsters in sight!

Vanquished Creatures
  2 oozes
  A giant gecko (D:1)
  3 bats (D:1)
  2 giant cockroaches (D:1)
  2 goblins
  5 hobgoblins (D:1)
  8 kobolds (D:1)
  2 giant newts (D:1)
  3 rats (D:1)
28 creatures vanquished.

Notes
Turn   | Place    | Note
--------------------------------------------------------------
     0 | D:1      | mrath the Gargoyle Earth Elementalist began the quest for the Orb.
     0 | D:1      | Reached XP level 1. HP: 10/10 MP: 3/3
   442 | D:1      | Reached XP level 2. HP: 15/15 MP: 0/5
  1064 | D:1      | Reached skill level 4 in Earth Magic
  1101 | D:1      | Reached XP level 3. HP: 12/19 MP: 0/7
  1217 | D:1      | Learned a level 2 spell: Stoneskin
  1221 | D:1      | Learned a level 3 spell: Stone Arrow
  1655 | D:2      | Noticed Sigmund
  1658 | D:2      | Killed from afar by Sigmund

Action                   || total
-------------------------++-------
Melee: Short sword       ||    16
 Cast: Sandblast         ||    51
  Eat: Chunk             ||     2
